 Dungeon Crawl Stone Soup version 0.18.1-2-ga659475 (webtiles) character file.

137 inmateoo the Covert (level 5, 0/35 HPs)
             Began as a Vampire Venom Mage on May 8, 2016.
             Slain by an ogre
             ... wielding a +0 giant club
              (25 damage)
             ... on level 4 of the Dungeon.
             The game lasted 00:04:28 (2430 turns).

inmateoo the Covert (Vampire Venom Mage)            Turns: 2430, Time: 00:04:29

Health: 0/35       AC:  8    Str:  7    XL:     5   Next: 0%
Magic:  5/8        EV: 12    Int: 18    God:
Gold:   145        SH:  0    Dex: 15    Spells: 3 memorised, 2 levels left

rFire  . . .     SeeInvis +     e - +1 short sword (protect)
rCold  + + .     Gourm    .     a - +0 robe
rNeg   + + +     Faith    .     (no shield)
rPois  +         Spirit   .     i - +0 helmet
rElec  .         Dismiss  .     (no cloak)
rCorr  .         Reflect  .     (no gloves)
SustAt .         Harm     .     (no boots)
MR     .....                    (no amulet)
Stlth  +++++.....               (no ring)
                                (no ring)

@: regenerating slowly, not resistant to hostile enchantments, quite stealthy
A: fangs 3, see invisible, unbreathing
a: Bat Form


You were on level 4 of the Dungeon.
You were near bloodless.

You visited 1 branch of the dungeon, and saw 4 of its levels.

You collected 145 gold pieces.

Inventory:

Hand Weapons
 e - a +1 short sword of protection (weapon)
Armour
 a - a +0 robe (worn)
 i - a +0 helmet (worn)
Scrolls
 c - a scroll of amnesia {unknown}
 d - a scroll of teleportation {unknown}
 f - a scroll of magic mapping {unknown}
 h - a scroll of remove curse {unknown}
 j - a scroll of fear {unknown}
 l - a scroll of enchant armour {unknown}
 n - a scroll of random uselessness {unknown}
Potions
 g - 2 potions of curing {unknown}
 k - a potion of ambrosia
 m - a potion of berserk rage {unknown}
Books
 b - a Young Poisoner's Handbook

   Spells                             Type                      Level
   a - Sting                          Conjuration/Poison           1
   b - Cure Poison                    Poison                       2
   c - Mephitic Cloud                 Conjuration/Poison/Air       3
   d - Olgreb's Toxic Radiance        Poison                       4
   e - Venom Bolt                     Conjuration/Poison           5


   Skills:
 - Level 2.1 Dodging
 + Level 8.2 Stealth
 - Level 2.0 Spellcasting
 - Level 3.6 Poison Magic


You had 2 spell levels left.
You knew the following spells:

 Your Spells              Type           Power        Failure   Level  Hunger
a - Sting                 Conj/Pois      #...         12%         1    #......
b - Cure Poison           Pois           ##........   8%          2    ###....
c - Mephitic Cloud        Conj/Pois/Air  #.......     34%         3    ###....


Dungeon Overview and Level Annotations

Branches:
Dungeon (4/15)
 Temple: D:4-7

Altars:
Elyvilon
Makhleb


Innate Abilities, Weirdness & Mutations

You heal slowly.
You have razor-sharp teeth.
You have supernaturally acute eyesight.
You can survive without breathing.


Message History

The giant gecko bites you but does no damage. x2
Found a bread ration.
The giant gecko bites you.
You see here 2 fizzy black potions.
Casting: Sting
Confirm with . or Enter, or press ? or * to list all spells.
Aiming: Sting
Press: ? - help, Shift-Dir - straight line, f/p - ogre
Aim: an ogre, wielding a giant club (almost dead)
The sting misses the giant gecko.
The sting hits the ogre.
The ogre is almost dead.
The giant gecko barely misses you.
The phantom blinks!
The giant gecko bites you but does no damage.
You hear the rusting of a distant drain.
The giant gecko barely misses you.
You barely miss the ogre.
The ogre is almost dead.
The ogre hits you with a giant club!!
Ouch! That really hurt!
You die...

#
#####################.#
.......!..............
#...#..!....%..##..#
......##....W.lO@..#
#.######.......###.#
#(# ######### # #.# #..
...


You could see a phantom, an ogre and a giant gecko.

Vanquished Creatures
  A hound (D:4)
  2 adders (D:2)
  An ooze (D:1)
  2 worms
  A dart slug (D:3)
  6 giant geckos
  A ball python (D:4)
  10 bats
  4 giant cockroaches
  8 goblins
  9 hobgoblins
  9 jackals
  4 giant newts
  4 kobolds
  3 rats
65 creatures vanquished.

Notes
Turn   | Place    | Note
--------------------------------------------------------------
     0 | D:1      | inmateoo the Vampire Venom Mage began the quest for the Orb.
     0 | D:1      | Reached XP level 1. HP: 13/13 MP: 3/3
   280 | D:1      | Reached skill level 4 in Stealth
   289 | D:1      | Reached XP level 2. HP: 19/19 MP: 5/5
   439 | D:1      | Reached skill level 5 in Stealth
   590 | D:1      | Reached XP level 3. HP: 24/24 MP: 6/6
  1167 | D:2      | Learned a level 2 spell: Cure Poison
  1192 | D:2      | Reached skill level 6 in Stealth
  1419 | D:2      | Found a burning altar of Makhleb.
  1427 | D:2      | Reached XP level 4. HP: 30/30 MP: 7/7
  1568 | D:3      | Reached skill level 7 in Stealth
  1605 | D:3      | Found a white marble altar of Elyvilon.
  2312 | D:4      | Noticed an ogre
  2348 | D:4      | Learned a level 3 spell: Mephitic Cloud
  2377 | D:4      | Noticed a phantom
  2390 | D:4      | Reached skill level 8 in Stealth
  2390 | D:4      | Reached XP level 5. HP: 25/35 MP: 6/8
  2430 | D:4      | Slain by an ogre

Skill      XL: |  1  2  3  4 |
---------------+-------------+-----
Stealth        | 4 5 6 8 |  8.2
Dodging        | |  2.1
Spellcasting   | |  2.0
Poison Magic   | |  3.6

Action                   |  1- 3 |  4- 6 || total
-------------------------+-------+-------++-------
Melee: Short sword       |    92 |    61 ||   153
       Bite              |     9 |     5 ||    14
 Cast: Sting             |    26 |    11 ||    37
  Use: Scroll            |       |     3 ||     3
 Stab: Sleeping          |    13 |     8 ||    21
Armor: Robe              |    39 |    28 ||    67
Dodge: Dodged            |    79 |    35 ||   114
